 Dungeon Crawl Stone Soup version 0.31-a0-229-g1fc7ce93e2 (webtiles) character file.

Game seed: 5090322304832190852

3523 qw the Skirmisher (level 9, -4/80 HPs)
             Began as a Minotaur Hexslinger on July 6, 2023.
             Was a Follower of Okawaru.
             Slain by a yak (8 damage)
             ... on level 8 of the Dungeon.
             The game lasted 00:03:04 (6579 turns).

qw the Skirmisher (Minotaur Hexslinger)             Turns: 6579, Time: 00:03:04

Health: -4/80      AC: 11    Str: 14    XL:     9   Next: 81%
Magic:  9/10       EV: 25    Int: 10    God:    Okawaru [*.....]
Gold:   271        SH:  0    Dex: 16    Spells: 9/10 levels left

rFire   . . .        Y - +0 shortbow
rCold   . . .        (shield currently unavailable)
rNeg    . . .        b - +0 ring mail
rPois   .            (helmet restricted)
rElec   .            (no cloak)
rCorr   .            h - +2 pair of gloves
SInv    .            d - +0 pair of boots
Will    .....        (no amulet)
Stlth   ++           a - ring of the Hare {EV+10}
HPRegen 0.33/turn    (no ring)
MPRegen 0.12/turn

%: no passive effects
@: heroic
A: horns 2, retaliatory headbutt, sense surroundings 1
a: Renounce Religion, Heroism


You were on level 8 of the Dungeon.
You worshipped Okawaru.
Okawaru was aware of your devotion.
You visited 2 branches of the dungeon, and saw 9 of its levels.

You collected 316 gold pieces.
You spent 45 gold pieces at shops.


Innate Abilities, Weirdness & Mutations

You have a pair of horns on your head.
You reflexively headbutt those who attack you in melee.
You passively map a small area around you.


   Skills:
 + Level 7.6(12.6) Fighting
 - Level 12.0(17.0) Ranged Weapons
 - Level 3.1(8.1) Armour
 - Level 5.1(10.1) Dodging
 - Level 1.0 Spellcasting
 - Level 2.0 Hexes
 + Level 3.4 Invocations


You had 9 spell levels left.
You knew the following spells:

 Your Spells              Type           Power      Damage    Failure   Level
a - Slow                  Hex            16%        N/A       26%         1

Your spell library contained the following spells:

 Spells                   Type           Power      Damage    Failure   Level
 Inner Flame              Hex/Fire       2%         N/A       77%         3
 Portal Projectile        Hex/Tloc       4%         N/A       77%         3
 Cause Fear               Hex            2%         N/A       95%         4

Inventory:

Hand Weapons
 Y - a +0 shortbow (weapon)
Armour
 b - a +0 ring mail (worn)
 d - a +0 pair of boots (worn)
 h - a +2 pair of gloves (worn)
 k - the +5 robe of Misfortune {Harm *Corrode *Slow EV+5}
   (You found it on level 7 of the Dungeon)

   EV:        It affects your evasion (+5).
   *Corrode:  It may corrode you when you take damage.
   *Slow:     It may slow you when you take damage.
   Harm:      It increases damage dealt and taken.
 l - the +1 cloak of the Past {Harm}
   (You found it on level 7 of the Dungeon)

   Harm:      It increases damage dealt and taken.
Jewellery
 a - the ring of the Hare (left hand) {EV+10}
   (You found it on level 2 of the Dungeon)

   [ring of evasion]

   EV:        It affects your evasion (+10).
Scrolls
 f - a scroll of identify
Potions
 e - a potion of might
 g - a potion of magic
 i - a potion of brilliance {unknown}
 m - a potion of mutation

Dungeon Overview and Level Annotations

Branches:
Dungeon (8/15)             Temple (1/1) D:5            Lair (0/5) D:8

Altars:
Cheibriados
Dithmenos
Elyvilon
Fedhas
Gozag
Hepliaklqana
Kikubaaqudgha
Nemelex Xobeh
Okawaru
Qazlal
Ru
Trog
Uskayaw
Vehumet
Wu Jian
Xom
Yredelemnul
Zin
The Shining One

Shops:
D:2 [(=

Annotations:
D:4 Edmund


Message History

The yak completely misses you. Something barely misses you.
The wight closely misses you. The wight barely misses you.
The wight completely misses you.
You shoot an arrow.
The arrow hits the wight but does no damage.
The wight is lightly damaged.
A white imp comes into view.
The yak completely misses you.
You hear some strange, mumbled words.
You are confused.
The wight completely misses you.
The wight hits you from afar with a +4 spear.
The wight hits you with a +3 falchion.
6574 ||| DRINKING potion of curing.
You feel better.
6574 ||| (to cure confusion)
Something hits you. The wight completely misses you. The wight misses you. x2
You shoot an arrow. The arrow barely misses the wight.
The yak gores you. Something hits you.
The wight hits you from afar with a +0 trident!
The wight closely misses you. The wight completely misses you.
You furiously retaliate!
You headbutt the wight! You shoot an arrow. The arrow hits the wight!
You destroy the wight!
Okawaru accepts your kill. The yak gores you!
Something hits you but does no damage. The wight misses you. x2
The wight completely misses you. The yak barely misses you.
The yak gores you but does no damage.
6577 ||| DRINKING potion of heal wounds.
You feel much better. The yak barely misses you. Something closely misses you.
The wight hits you from afar with a +0 trident.
The wight barely misses you. x2; The yak misses you.
The yak gores you. The yak barely misses you.
You shoot an arrow. The arrow hits the yak!
The yak is moderately wounded.
You shoot an arrow. The arrow hits the yak!
The yak is heavily wounded.
The yak gores you! Something misses you. The wight hits you but does no damage.
The wight completely misses you. x2; The yak gores you! x2
You die...

......#.....#.......#
........#...#.......#
......###...#.......#
....####............#
...## #.^###.......#
..## ....## #.......#
.....###.# ####%####
#### * #.. ####.####
** .[. #.zY@Y..# ,
... *#.z.YY..# ,
..... #.z.5...# , ,
#..<....# , ,
.........# ,
.##.......# .
....)...# ......####
, ,


You could see 4 yaks, 3 wights and a white imp.

Vanquished Creatures
  2 komodo dragons (D:8)
  A yak (D:8)
  A steam dragon (D:7)
  Menkaure (D:6)
  2 water moccasins
  2 ice beasts
  A sky beast (D:6)
  2 black bears (D:8)
  An orc warrior (D:8)
  A centaur (D:5)
  An ogre (D:7)
  A phantom (D:7)
  2 bullfrogs
  4 scorpions
  3 wights (D:8)
  8 howler monkeys
  5 hounds
  6 jellies
  An orc priest (D:8)
  An iguana (D:7)
  Terence (D:3)
  3 orc wizards
  Robin (D:4)
  7 adders
  9 gnolls
  2 shadow imps
  A white imp (D:7)
  A worm (D:3)
  4 dart slugs
  15 orcs
  8 bats
  8 endoplasms
  4 giant cockroaches
  17 goblins
  9 hobgoblins
  8 jackals
  9 quokkas
  6 ball pythons
  3 frilled lizards
  6 kobolds
  5 rats
173 creatures vanquished.

Notes
Turn   | Place    | Note
-------+----------+-------------------------------------------
     0 | D:1      | qw the Minotaur Hexslinger began the quest for the Orb.
     0 | D:1      | Reached XP level 1. HP: 16/16 MP: 1/1
     0 | D:1      | 0 ||| qw: Version: 0.3-a-46-gb1f654a
     0 | D:1      | 0 ||| qw: Game counter: 1721
     0 | D:1      | 0 ||| qw: Melee chars always use a shield: true
     0 | D:1      | 0 ||| qw: God list: Okawaru
     0 | D:1      | 0 ||| qw: Allow faded altars: false
     0 | D:1      | 0 ||| qw: Do Orc after clearing Dungeon:15 true
     0 | D:1      | 0 ||| qw: Do second Lair branch before Depths: true
     0 | D:1      | 0 ||| qw: Lair rune preference: random
     0 | D:1      | 0 ||| qw: Goals: Normal
     0 | D:1      | 0 ||| PLANNING D:1-11
    77 | D:1      | HP: 4/16 [jackal (3)]
    81 | D:1      | Reached skill level 3 in Ranged Weapons
    81 | D:1      | Reached XP level 2. HP: 5/23 MP: 2/2
   370 | D:1      | Reached XP level 3. HP: 29/29 MP: 3/3
   873 | D:1      | 873 ||| UPGRADING to +0 leather armour.
   883 | D:1      | 883 ||| DROPPING +0 robe.
   884 | D:1      | 884 ||| READING scroll labelled ZYBROR WOLOICY.
   885 | D:1      | 885 ||| READING scroll labelled KYAJIMUERCH.
   886 | D:1      | 886 ||| DROPPING scroll of poison.
   914 | D:2      | Found the ring of the Hare {EV+10}
   918 | D:2      | Reached skill level 4 in Ranged Weapons
  1019 | D:2      | Identified the +6 chain mail of the Tormentor {+Blink rElec
                  | Will+ Dex-3}
  1020 | D:2      | Found Etoun's Weapon Boutique.
  1078 | D:2      | Found Qerphore's Jewellery Boutique.
  1087 | D:2      | 1087 ||| SHOPLISTING +6 ring of dexterity (504 gold, have
                  | 76).
  1087 | D:2      | 1087 ||| SHOPLISTING amulet of faith (560 gold, have 76).
  1087 | D:2      | 1087 ||| SHOPLISTING amulet of reflection (420 gold, have
                  | 76).
  1087 | D:2      | 1087 ||| SHOPLISTING ring of poison resistance (280 gold,
                  | have 76).
  1087 | D:2      | 1087 ||| SHOPLISTING ring of protection from fire (350
                  | gold, have 76).
  1087 | D:2      | 1087 ||| SHOPLISTING ring of resist corrosion (280 gold,
                  | have 76).
  1087 | D:2      | 1087 ||| SHOPLISTING ring of willpower (350 gold, have 76).
  1109 | D:2      | Reached XP level 4. HP: 33/36 MP: 4/4
  1171 | D:2      | Found a glowing golden altar of the Shining One.
  1200 | D:2      | Found Meas's Armour Shoppe.
  1208 | D:2      | 1208 ||| BUYING +0 pair of gloves (45 gold).
  1208 | D:2      | Bought a +0 pair of gloves for 45 gold pieces
  1208 | D:2      | 1208 ||| SHOPLISTING +2 cloak (165 gold, have 45).
  1208 | D:2      | 1208 ||| SHOPLISTING scarf of repulsion (120 gold, have
                  | 45).
  1229 | D:2      | 1229 ||| UPGRADING to +0 ring mail.
  1239 | D:2      | 1239 ||| DROPPING +0 leather armour.
  1240 | D:2      | 1240 ||| UPGRADING to +0 pair of gloves.
  1245 | D:2      | 1245 ||| UPGRADING to ring of the Hare {EV+10}.
  1246 | D:2      | 1246 ||| READING scroll labelled VUOTTEDGHUU.
  1347 | D:3      | Found an ornate altar of the Wu Jian Council.
  1442 | D:3      | Reached skill level 5 in Ranged Weapons
  1442 | D:3      | Reached XP level 5. HP: 22/41 MP: 5/5
  1549 | D:3      | Noticed Terence
  1566 | D:3      | Killed Terence
  1573 | D:3      | 1573 ||| FLEEEEING.
  1577 | D:3      | 1577 ||| FLEEEEING.
  1683 | D:3      | Reached skill level 3 in Fighting
  2011 | D:3      | 2011 ||| READING 2 scrolls labelled RIDDYBO DEKHLAL.
  2012 | D:3      | 2012 ||| READING scroll of enchant armour.
  2012 | D:3      | 2012 ||| ENCHANTING +0 pair of gloves.
  2013 | D:3      | 2013 ||| READING scroll labelled USENOKK JEAPP.
  2014 | D:3      | 2014 ||| DRINKING 2 blue potions.
  2095 | D:4      | 2095 ||| DRINKING potion of curing.
  2095 | D:4      | 2095 ||| (to cure confusion)
  2100 | D:4      | Reached skill level 6 in Ranged Weapons
  2100 | D:4      | Reached XP level 6. HP: 51/51 MP: 6/6
  2317 | D:4      | Noticed Robin
  2339 | D:4      | Killed Robin
  2553 | D:4      | Noticed Edmund
  2567 | D:4      | HP: 6/52 [Edmund/+2 heavy flail (18)]
  2568 | D:4      | 2568 ||| READING scroll of teleportation.
  2961 | D:4      | Found a shimmering altar of Xom.
  3008 | D:4      | Found an ancient bone altar of Kikubaaqudgha.
  3054 | D:4      | Reached skill level 7 in Ranged Weapons
  3183 | D:4      | 3183 ||| READING scroll labelled DOEVIC BIAC.
  3184 | D:4      | 3184 ||| READING 3 scrolls labelled CEJICS IMAYM.
  3185 | D:4      | 3185 ||| READING scroll labelled ITECATHR QOAJO.
  3186 | D:4      | 3186 ||| READING 2 scrolls of identify.
  3186 | D:4      | 3186 ||| IDENTIFYING bubbling red potion
  3245 | D:5      | Entered Level 5 of the Dungeon
  3251 | D:5      | 3251 ||| STAIRDANCE
  3254 | D:4      | Reached XP level 7. HP: 54/59 MP: 7/7
  3294 | D:5      | Reached skill level 8 in Ranged Weapons
  3308 | D:5      | 3308 ||| SWAPPING to +0 shortbow.
  3309 | D:5      | 3309 ||| DROPPING +1 sling of freezing.
  3361 | D:5      | You fall into a shaft and drop 2 floors!
  3398 | D:7      | Found the +5 robe of Misfortune {Harm *Corrode *Slow EV+5}
  3433 | D:7      | Identified the +1 cloak of the Past {Harm}
  3436 | D:7      | Noticed a steam dragon
  3438 | D:7      | 3438 ||| Stepping ~*~*~tactically~*~*~ (cloud).
  3457 | D:7      | HP: 12/60 [steam dragon/ball of steam (11)]
  3458 | D:7      | 3458 ||| READING scroll of teleportation.
  3459 | D:7      | 3459 ||| DRINKING 2 potions of heal wounds.
  3526 | D:7      | 3526 ||| Stepping ~*~*~tactically~*~*~ (cloud).
  3529 | D:7      | Killed a steam dragon
  3610 | D:7      | Reached XP level 8. HP: 69/69 MP: 8/8
  3756 | D:6      | Reached skill level 9 in Ranged Weapons
  3843 | D:6      | Noticed Menkaure
  3854 | D:6      | Killed Menkaure
  3855 | D:6      | Reached skill level 6 in Fighting
  4044 | D:6      | Reached skill level 3 in Dodging
  4154 | D:6      | 4154 ||| READING scroll labelled WEOLOV KOLAPO.
  4155 | D:6      | 4155 ||| READING 2 scrolls of identify.
  4155 | D:6      | 4155 ||| IDENTIFYING silvery potion
  4353 | D:5      | Found a shadowy altar of Dithmenos.
  4575 | D:5      | Found a staircase to the Ecumenical Temple.
  4576 | D:5      | 4576 ||| PLANNING TEMPLE
  4576 | D:5      | 4576 ||| UPGRADING to +0 pair of boots.
  4581 | D:5      | 4581 ||| DRINKING 2 clear potions.
  4581 | D:5      | Gained mutation: You are frail. (-10% HP) [potion of
                  | mutation]
  4581 | D:5      | Gained mutation: Your mind is acute. (Int +4, Str/Dex -1)
                  | [potion of mutation]
  4582 | D:5      | 4582 ||| DRINKING potion of mutation.
  4582 | D:5      | Lost mutation: You are frail. (-10% HP) [potion of
                  | mutation]
  4582 | D:5      | Lost mutation: Your mind is acute. (Int +4, Str/Dex -1)
                  | [potion of mutation]
  4582 | D:5      | Gained mutation: You passively map a small area around you.
                  | [potion of mutation]
  4608 | D:5      | 4608 ||| READING 3 scrolls of identify.
  4608 | D:5      | 4608 ||| IDENTIFYING pink potion
  4609 | D:5      | 4609 ||| DROPPING potion of attraction.
  4619 | Temple   | Entered the Ecumenical Temple
  4623 | Temple   | 4623 ||| PLANNING OKAWARU WORSHIP
  4847 | Temple   | Became a worshipper of Warmaster Okawaru
  4848 | Temple   | 4848 ||| PLANNING D:1-11
  5008 | D:5      | Reached skill level 10 in Ranged Weapons
  5384 | D:6      | Reached skill level 3 in Armour
  5617 | D:6      | 5617 ||| READING scroll labelled UFRUIXAUPI.
  5618 | D:6      | 5618 ||| READING 2 scrolls of identify.
  5618 | D:6      | 5618 ||| IDENTIFYING sedimented sapphire potion
  5911 | D:7      | Found a hazy altar of Hepliaklqana.
  6061 | D:7      | Reached XP level 9. HP: 79/79 MP: 9/9
  6061 | D:7      | Reached * piety under Okawaru
  6062 | D:7      | 6062 ||| INVOKING Heroism.
  6063 | D:7      | 6063 ||| INVOKING Heroism.
  6064 | D:7      | 6064 ||| INVOKING Heroism.
  6201 | D:8      | 6201 ||| READING scroll of enchant armour.
  6201 | D:8      | 6201 ||| ENCHANTING +1 pair of gloves.
  6266 | D:8      | Reached skill level 11 in Ranged Weapons
  6305 | D:8      | Noticed a komodo dragon
  6306 | D:8      | 6306 ||| INVOKING Heroism.
  6319 | D:8      | 6319 ||| INVOKING Heroism.
  6322 | D:8      | Killed a komodo dragon
  6350 | D:8      | 6350 ||| INVOKING Heroism.
  6352 | D:8      | Noticed a komodo dragon
  6362 | D:8      | 6362 ||| INVOKING Heroism.
  6364 | D:8      | Reached skill level 1 in Invocations
  6376 | D:8      | 6376 ||| INVOKING Heroism.
  6388 | D:8      | Killed a komodo dragon
  6460 | D:8      | Found a staircase to the Lair.
  6461 | D:8      | 6461 ||| INVOKING Heroism.
  6534 | D:8      | Reached skill level 3 in Invocations
  6541 | D:8      | 6541 ||| INVOKING Heroism.
  6563 | D:8      | Reached skill level 12 in Ranged Weapons
  6570 | D:8      | 6570 ||| INVOKING Heroism.
  6574 | D:8      | 6574 ||| DRINKING potion of curing.
  6574 | D:8      | 6574 ||| (to cure confusion)
  6576 | D:8      | HP: 13/79 [yak (13)]
  6577 | D:8      | 6577 ||| DRINKING potion of heal wounds.
  6579 | D:8      | HP: 4/80 [yak (13)]
  6579 | D:8      | Slain by a yak

Levels and vault maps discovered:
D:1:      nzn_arrival_crosshair, layout_loops_ring
D:2:      layout_rooms, serial_shops, nicolae_shop_peninsula,
          nicolae_shop_just_a_little_nook, nicolae_shop_pleasant_corner_grove,
          basic_altar, small_statue_intersection
D:3:      layout_loops_ring, mainiacjoe_overflow_24_doors, uniq_terence
D:4:      layout_cave_pods, mainiacjoe_overflow_swirl, grunt_decor_fettered,
          uniq_edmund, uniq_robin
D:5:      layout_gridville, grunt_dithmenos_shadows,
          minmay_temple_entry_antechambers, minmay_circle_x,
          uniq_crazy_yiuf_cottage
D:6:      layout_gridville, uniq_menkaure
D:7:      layout_loops_cross, mainiacjoe_overflow_alcove_4, minmay_microvault
D:8:      layout_rooms, grunt_lair_entry_orc_guard_hut
Temple:   eino_temple_water

Skill      XL: |  1  2  3  4  5  6  7  8  9 |
---------------+----------------------------+-----
Ranged Weapons | 3 4 5 6 7 8 10 12 | 12.0
Fighting       | 2 3 4 5 7 |  7.6
Armour         | 2 3 |  3.1
Dodging        | 3 5 |  5.1
Invocations    | 3 |  3.4
Spellcasting   | |  1.0
Hexes          | |  2.0

Action                     |  1- 3 |  4- 6 |  7- 9 || total
---------------------------+-------+-------+-------++-------
   Fire: Sling             |   117 |   236 |    20 ||   373
         Shortbow          |       |       |   385 ||   385
 Invoke: Heroism           |       |       |     9 ||     9
    Use: Scroll            |     2 |     9 |     7 ||    18
         Potion            |       |     2 |     5 ||     7
 Armour: Robe              |     6 |       |       ||     6
         Leather armour    |     1 |       |       ||     1
         Ring mail         |       |    19 |    48 ||    67
  Dodge: Dodged            |    40 |   155 |   256 ||   451

Table legend:
 A = Non-vault XP
 B = Vault XP
 C = Vault XP percentage of total XP
 D = Non-vault monster count
 E = Vault monster count
 F = Vault count percentage of total count
                 A         B        C        D         E       F
            +---------+---------+-------+---------+---------+-------
      Total |    3415 |    1619 |  32.2 |     145 |      28 |  16.2
            +---------+---------+-------+---------+---------+-------
        D:1 |      58 |       0 |   0.0 |      25 |       0 |   0.0
        D:2 |      45 |       0 |   0.0 |      18 |       0 |   0.0
        D:3 |     124 |      36 |  22.5 |      24 |       1 |   4.0
        D:4 |     442 |      82 |  15.6 |      34 |      14 |  29.2
        D:5 |     327 |     184 |  36.0 |       9 |       6 |  40.0
        D:6 |     497 |     172 |  25.7 |       8 |       1 |  11.1
        D:7 |     952 |      51 |   5.1 |      13 |       1 |   7.1
        D:8 |     970 |    1094 |  53.0 |      14 |       5 |  26.3
            +---------+---------+-------+---------+---------+-------
